 Dungeon Crawl Stone Soup version 0.32-a0-900-g30fb1b0edc (webtiles) character file.

Game seed: 8651165737390074952

138 tilp the Vexing (level 5, -5/38 HPs)
             Began as a Vampire Enchanter on Apr 5, 2024.
             Slain by a gnoll
             ... wielding a +0 flail
              (7 damage)
             ... on level 3 of the Dungeon.
             The game lasted 00:03:18 (2003 turns).

tilp the Vexing (Vampire Enchanter)                 Turns: 2003, Time: 00:03:20

Health: -5/38      AC:  4    Str:  7    XL:     5   Next: 1%
Magic:  1/8        EV: 11    Int: 19    God:
Gold:   155        SH:  0    Dex: 15    Spells: 3/8 levels left

rFire   + . .        a - +2 dagger (vamp)
rCold   . . .        (no shield)
rNeg    . . .        j - +1 leather armour
rPois   +            (no helmet)
rElec   .            (no cloak)
rCorr   .            (no gloves)
SInv    +            (no boots)
Will    .....        (no amulet)
Stlth   +++          l - +4 ring of slaying
HPRegen 0.46/turn    (no ring)
MPRegen 0.11/turn

%: no passive effects
@: about to teleport, healing quickly
A: alive, fangs 3, see invisible, vampiric 2, fire resistance 1, poison
resistance, inability to drink after injury 1, noise suppression
a: Exsanguinate


You were on level 3 of the Dungeon.
You visited 1 branch of the dungeon, and saw 3 of its levels.

You collected 155 gold pieces.

Inventory:

Hand Weapons
 a - a +2 vampiric dagger (weapon)
 i - a +1 dagger
Missiles
 g - 3 poisoned darts (quivered)
Armour
 b - a +0 robe
 j - a +1 leather armour (worn)
Jewellery
 l - a +4 ring of slaying (left hand)
Potions
 c - 2 potions of invisibility
 e - a potion of haste {unknown}
 f - 2 potions of mutation
 h - 2 potions of lignification {unknown}
 k - a potion of heal wounds {unknown}
 m - a potion of berserk rage {unknown}


   Skills:
 * Level 1.6 Fighting
 + Level 2.0(2.4) Short Blades
 * Level 1.7(2.1) Long Blades
 + Level 2.6 Dodging
 + Level 5.0 Stealth
 + Level 2.3 Spellcasting
 * Level 5.5 Hexes


You had 3 spell levels left.
You knew the following spells:

 Your Spells              Type           Power      Damage    Failure   Level
a - Ensorcelled Hibernat  Hex/Ice        24%        N/A       12%         2
b - Confusing Touch       Hex            23%        N/A       8%          3

Your spell library contained the following spells:

 Spells                   Type           Power      Damage    Failure   Level
 Slow                     Hex            92%        N/A       2%          1
 Tukima's Dance           Hex            23%        N/A       8%          3
 Dazzling Flash           Conj/Hex       24%        N/A       24%         3
 Vampiric Draining        Necr           2%         2d6       58%         3


Dungeon Overview and Level Annotations

Branches:
Dungeon (3/15)

Altars:


Innate Abilities, Weirdness & Mutations

Your natural rate of healing is accelerated.
You have razor-sharp teeth.
You have supernaturally acute eyesight. (SInv)
You are afflicted with vampirism and can become a bat while bloodless.
Your flesh is heat resistant. (rF+)
Your system is resistant to poisons. (rPois)
You occasionally lose the ability to drink potions when taking damage.
You passively dampen the noise of your surroundings.


Message History

Aim: a gnoll, wielding a +0 flail (chance to affect: 54%)
The gnoll resists with significant effort.
The gnoll hits you with a +0 flail!
Unknown command.
Casting: Ensorcelled Hibernation (safe; 12% risk of failure)
Confirm with . or Enter, or press ? or * to list all spells.
You don't have enough magic to cast this spell.
Unknown command.
Unknown command.
The gnoll attacks as it pursues you! The gnoll hits you with a +0 flail.
The gnoll attacks as it pursues you! The gnoll hits you with a +0 flail!
The gnoll attacks as it pursues you! The gnoll closely misses you.
Casting: Ensorcelled Hibernation (safe; 12% risk of failure)
Confirm with . or Enter, or press ? or * to list all spells.
Aiming: Ensorcelled Hibernation (safe; 12% risk of failure)
Press: ? - help, Shift-Dir - straight line, f/p - gnoll
Aim: a gnoll, wielding a +0 flail (chance to affect: 54%)
The gnoll resists with significant effort.
Unknown command.
The gnoll hits you with a +0 flail!
* * * LOW HITPOINT WARNING * * *
The gnoll attacks as it pursues you! The gnoll misses you.
As you read the scroll of teleportation, it crumbles to dust.
You feel strangely unstable. The gnoll hits you with a +0 flail.
* * * LOW HITPOINT WARNING * * *
Unknown command.
Press: ? - help, v - describe, . - travel
Here: a gnoll, wielding a +0 flail and quivering 2 throwing nets The floor.
The gnoll attacks as it pursues you! The gnoll hits you with a +0 flail.
* * * LOW HITPOINT WARNING * * *
The gnoll attacks as it pursues you! The gnoll hits you with a +0 flail.
* * * LOW HITPOINT WARNING * * *
It was a potion of mutation.
You feel extremely strange.
You feel resistant to poisons.
You feel your surroundings grow quieter.
You occasionally lose the ability to drink potions when taking damage.
You feel resistant to heat. The gnoll hits you with a +0 flail!
You die...

########....#### #.......##
#....##..# #######.(..###.#
#......###.....# #######
#......###.....## #.....#
#.......##.......
.##.....##########...##.....#.
........gg.gg@................
###......#########...########.
######.# #...# #. #g## #...#
## #..# ##### # ##g## #
#...########## #
#g..#.§.§.§### #
+...'...._.#A#


You could see 3 gnolls and a goblin.

Vanquished Creatures
  Natasha (D:2)
  A gnoll (D:3)
  5 adders
  2 dart slugs (D:2)
  8 endoplasms
  4 giant cockroaches
  5 goblins
  4 hobgoblins
  3 kobolds (D:2)
  A quokka (D:2)
  4 ball pythons
  5 bats
  A frilled lizard (D:1)
  9 rats
53 creatures vanquished.

Vanquished Creatures (others)
  A rat (D:3)
1 creature vanquished.

Grand Total: 54 creatures vanquished

Notes
Turn   | Place    | Note
-------+----------+-------------------------------------------
     0 | D:1      | tilp the Vampire Enchanter began the quest for the Orb.
     0 | D:1      | Reached XP level 1. HP: 13/13 MP: 3/3
   270 | D:1      | Reached XP level 2. HP: 20/20 MP: 5/5
   273 | D:1      | Learned a level 2 spell: Ensorcelled Hibernation
   839 | D:2      | Gained mutation: You are afflicted with vampirism and can
                  | become a bat while bloodless. [Vampire growth]
   839 | D:2      | Reached XP level 3. HP: 25/25 MP: 6/6
   843 | D:2      | Learned a level 3 spell: Confusing Touch
   853 | D:2      | Reached skill level 1 in Fighting
   958 | D:2      | Reached skill level 1 in Long Blades
  1147 | D:2      | Reached skill level 5 in Hexes
  1313 | D:2      | Noticed Natasha
  1321 | D:2      | Killed Natasha
  1322 | D:2      | Reached XP level 4. HP: 29/32 MP: 0/7
  1967 | D:3      | Noticed an angel
  1982 | D:3      | Reached skill level 5 in Stealth
  1982 | D:3      | Reached XP level 5. HP: 38/38 MP: 5/8
  2003 | D:3      | Gained mutation: Your system is resistant to poisons.
                  | (rPois) [potion of mutation]
  2003 | D:3      | Gained mutation: You passively dampen the noise of your
                  | surroundings. [potion of mutation]
  2003 | D:3      | Gained mutation: You occasionally lose the ability to drink
                  | potions when taking damage. [potion of mutation]
  2003 | D:3      | Gained mutation: Your flesh is heat resistant. (rF+)
                  | [potion of mutation]
  2003 | D:3      | Slain by a gnoll

Illustrated notes

Levels and vault maps discovered:
D:1:      dpeg_arrival_pits, layout_basic
D:2:      layout_loops_cross, dreamdust_mushroom_princess, uniq_natasha
D:3:      layout_basic, grunt_temple_overflow_holy_war

Skill      XL: |  1  2  3  4 |
---------------+-------------+-----
Fighting       | 1 |  1.6
Long Blades    | 1 |  1.7
Hexes          | 5 |  5.5
Short Blades   | 2 |  2.0
Stealth        | 5 |  5.0
Dodging        | |  2.6
Spellcasting   | |  2.3

Action                     |  1- 3 |  4- 6 || total
---------------------------+-------+-------++-------
  Melee: Dagger            |    93 |    48 ||   141
         Bite              |     7 |     5 ||    12
   Cast: Ensorcelled Hiber |    14 |     9 ||    23
    Use: Scroll            |     3 |     1 ||     4
         Potion            |       |     1 ||     1
   Stab: Sleeping          |    15 |     5 ||    20
 Armour: Robe              |    17 |       ||    17
         Leather armour    |    31 |    31 ||    62
  Dodge: Dodged            |    50 |    33 ||    83

Table legend: (Time is in decaauts)
 A = Elapsed time spent in this place.
 B = Non-inter-level travel time spent in this place.
 C = Inter-level travel time spent in this place.
 D = Time resting spent in this place.
 E = Time spent auto-exploring this place.
 F = Levels seen in this place.
 G = Mean time per level.
                   A        B        C        D        E       F      G
               +--------+--------+--------+--------+--------+-----+--------+
         Total |   1989 |   1910 |     79 |      2 |   1451 |   3 |  663.0 |
       Dungeon |   1989 |   1910 |     79 |      2 |   1451 |   3 |  663.0 |
               +--------+--------+--------+--------+--------+-----+--------+

Top non-repeatable levels by time:
     D:2: 960 daAuts
     D:1: 744 daAuts
     D:3: 284 daAuts
